 Dungeon Crawl Stone Soup version 0.32-a0-913-g739538afd8 (webtiles) character file.

Game seed: 13442025781673199690

40233 Zonian the Destroyer (level 14, 0/132 HPs)
             Began as a Gargoyle Earth Elementalist on Apr 9, 2024.
             Was a High Priest of Vehumet.
             Slain by a blink frog (11 damage)
             ... on level 5 of the Lair of Beasts on Apr 10, 2024.
             The game lasted 01:52:49 (24959 turns).

Zonian the Destroyer (Gargoyle Earth Elementalist) Turns: 24959, Time: 01:52:50

Health: 0/132      AC: 31    Str: 19    XL:     14   Next: 10%
Magic:  5/28       EV:  2    Int: 20    God:    Vehumet [*****.]
Gold:   522        SH:  0    Dex: 10    Spells: 3/33 levels left

rFire   . . .        x - +2 short sword (venom) {short}
rCold   . . .        (no shield)
rNeg    + . .        Q - melded +0 ring mail of Makhleb's Envy {rC++ Regen+}
rPois   ∞            B - melded +0 helmet
rElec   .            (cloak currently unavailable)
rCorr   .            e - melded +1 pair of gloves {Str+3}
SInv    .            (boots currently unavailable)
Will    +....        G - amulet of magic regeneration {@e2}
Stlth   ++           S - +4 ring of protection
HPRegen 0.42/turn    F - +6 ring of strength
MPRegen 0.61/turn

%: no passive effects
@: tree-form, hasted, very quick
A: stationary, stasis, torment immunity, boosted hp, sickness immunity, AC +10,
(big wings), negative energy resistance 1, (electricity resistance), torment
resistance 1, petrification resistance
a: Renounce Religion


You were on level 5 of the Lair of Beasts.
You worshipped Vehumet.
Vehumet was extremely pleased with you.
You were a tree.
You visited 2 branches of the dungeon, and saw 14 of its levels.
You also visited: Gauntlet and Volcano.

You collected 1084 gold pieces.
You spent 562 gold pieces at shops.


Innate Abilities, Weirdness & Mutations

You are a tree.
Your roots penetrate the ground, keeping you stationary.
You cannot be teleported.
You are immune to unholy pain and torment.
Your maximum health is greatly increased.
Your equipment is partially melded.
You are immune to sickness and miasma.
((Your stone body is resilient. (AC +10)))
You are immune to poison.
((Your large and strong wings let you fly.))
You resist negative energy. (rN+)
((You are resistant to electric shocks. (rElec)))
You are resistant to unholy torment.
You are immune to petrification.


   Skills:
 + Level 10.5 Fighting
 - Level 4.0 Short Blades
 - Level 4.0 Armour
 - Level 1.5 Dodging
 - Level 4.0 Stealth
 + Level 10.1 Spellcasting
 + Level 12.0 Conjurations
 - Level 4.2 Translocations
 - Level 4.0 Ice Magic
 + Level 4.7 Air Magic
 - Level 10.7 Earth Magic
 - Level 8.0 Evocations


You had 3 spell levels left.
You knew the following spells:

 Your Spells              Type           Power      Damage    Failure   Level
a - Sandblast             Erth           100%       2d20      1%          1
b - Stone Arrow           Conj/Erth      100%       3d13      1%          3
c - Brom's Barrelling Bo  Conj/Erth      54%        2d7       1%          4
d - Blink                 Tloc           52%        N/A       1%          2
e - Searing Ray           Conj           100%       2d8       1%          2
f - Passwall              Erth           52%        N/A       1%          3
g - Hailstorm             Conj/Ice       42%        3d9       1%          3
h - Frozen Ramparts       Ice            52%        1d8       1%          3
i - Arcjolt               Conj/Air       21%        1d31      1%          5
j - Iskenderun's Mystic   Conj/Tloc      42%        2d10      (+2d51%     4

Your spell library contained the following spells:

 Spells                   Type           Power      Damage    Failure   Level
 Apportation              Tloc           52%        N/A       1%          1
 Sting                    Conj/Alch      100%       1d9       1%          1
 Lesser Beckoning         Tloc           52%        N/A       1%          2
 Momentum Strike          Conj/Tloc      84%        3d10      1%          2
 Scorch                   Fire           20%        2d5       3%          2
 Necrotise                Necr           40%        1d6       7%          1
 Summon Small Mammal      Summ           40%        N/A       7%          1
 Call Canine Familiar     Summ           10%        N/A       21%         3
 Sigil of Binding         Hex            10%        N/A       21%         3
 Tukima's Dance           Hex            10%        N/A       21%         3
 Flame Wave               Conj/Fire      34%        2d10      1%          4
 Freezing Cloud           Conj/Ice/Air   18%        6-21      3%          5
 Irradiate                Conj/Alch      17%        3d17      4%          5
 Petrify                  Alch/Erth      31%        N/A       8%          4
 Passage of Golubria      Tloc           26%        N/A       12%         4
 Permafrost Eruption      Ice/Erth       19%        2x4d5     13%         6
 Ignite Poison            Fire/Alch      10%        N/A       17%         4
 Dimensional Bullseye     Hex/Tloc       9%         N/A       28%         4
 Yara's Violent Unravell  Hex/Alch       5%         3d4       41%         5
 Plasma Beam              Fire/Air       9%         2x1d20    67%         6
 Summon Cactus Giant      Summ           5%         N/A       100%        6
 Sublimation of Blood     Necr           Unusable   N/A       N/A         2

Inventory:

Hand Weapons
 b - a +2 whip of flaming {mace}
   (You took it off Pikel on level 6 of the Dungeon)
 h - a +4 trident of draining {polearm}
   (You took it off Jeremiah on level 6 of the Dungeon)
 o - a +1 morningstar of holy wrath {mace}
   (You took it off a minotaur in a Gauntlet)
 x - a +2 short sword of venom (weapon) {short}
   (You found it on level 7 of the Dungeon)
 U - a +2 dagger of venom {short}
   (You found it on level 4 of the Lair of Beasts)
 X - a +0 flail of holy wrath {mace}
   (You found it on level 2 of the Lair of Beasts)
Missiles
 p - 4 javelins {throwing}
 t - 2 silver javelins {throwing}
 v - 13 atropa-tipped darts {throwing}
 w - 33 poisoned darts {throwing}
 M - a curare-tipped dart {=fthrowing}
Armour
 e - a +1 pair of gloves of strength (melded)
   (You found it in a Gauntlet)
 l - the +4 kite shield "Faduegha" {rElec rF+ rC+}
   (You found it on level 6 of the Dungeon)

   rF+:       It protects you from fire.
   rC+:       It protects you from cold.
   rElec:     It insulates you from electricity.
 n - an orb of energy
   (You bought it in a shop on level 5 of the Dungeon)
 s - an orb of mayhem
   (You took it off Jeremiah on level 6 of the Dungeon)
 u - +0 steam dragon scales
   (You found it on level 7 of the Dungeon)
 B - a +0 helmet (melded)
   (You found it on level 7 of the Dungeon)
 Q - the +0 ring mail of Makhleb's Envy (melded) {rC++ Regen+}
   (You found it on level 9 of the Dungeon)

   rC++:      It greatly protects you from cold.
   Regen+:    It increases your rate of health regeneration.
Magical Staves
 f - a staff of cold {!astaff}
   (You found it in a Gauntlet)
 g - a staff of air {!astaff}
   (You found it on level 1 of the Dungeon)
Jewellery
 d - a ring of flight
   (You found it on level 3 of the Dungeon)
 i - the ring "Wiep" {Ice rElec rPois Str+5}
   (You found it in a Gauntlet)

   [ring of ice]

   Ice:       It enhances your ice magic.
   Str+5:     It affects your strength (+5).
   rF-:       It makes you vulnerable to fire.
   rC+:       It protects you from cold.
   rElec:     It insulates you from electricity.
   rPois:     It protects you from poison.
 F - a +6 ring of strength (right branch)
   (You found it on level 7 of the Dungeon)
 G - an amulet of magic regeneration (around neck) {@e2}
   (You found it on level 3 of the Lair of Beasts)
 I - a ring of resist corrosion
   (You found it on level 8 of the Dungeon)
 K - a ring of protection from fire
   (You took it off a kobold on level 4 of the Dungeon)
 S - a +4 ring of protection (left branch)
   (You found it on level 9 of the Dungeon)
Wands
 q - a wand of roots (16)
   (You found it on level 7 of the Dungeon)
 A - a wand of mindburst (18)
   (You found it on level 7 of the Dungeon)
 P - a wand of flame (24)
   (You bought it in a shop on level 9 of the Dungeon)
Scrolls
 a - 2 scrolls of fog
 r - a scroll of poison
 y - a scroll of fear
 D - 2 scrolls of immolation {!r!r}
 E - 2 scrolls of revelation
 H - 2 scrolls of enchant weapon
 L - 2 scrolls of summoning
 N - 4 scrolls of teleportation {@r4}
 O - 2 scrolls of blinking {!r}
 T - a scroll of vulnerability {!r!r}
Potions
 c - 6 potions of brilliance
 k - 2 potions of might
 m - 2 potions of mutation {!q}
 z - 6 potions of attraction {!q}
 C - a potion of invisibility
 R - a potion of ambrosia {unknown}
 W - a potion of curing {@q1}
 Y - a potion of heal wounds {@q2}
 Z - a potion of magic

Dungeon Overview and Level Annotations

Branches:
Dungeon (9/15) Zot: 25220  Temple (0/1) D:7            Lair (5/5) D:9 Zot: 21172
  Swamp (0/4) Lair:2       Spider (0/4) Lair:2      Volcano (visited)
Gauntlet (visited)
  Slime: Lair:4-5       Orc: D:9-12

Altars:
Ashenzari
Cheibriados
Dithmenos
Elyvilon
Hepliaklqana
Kikubaaqudgha
Makhleb
Okawaru
Qazlal
Sif Muna
Trog
Uskayaw
Vehumet
Xom
Zin
The Shining One

Shops:
D:1 :   D:5 [   D:8 *(   D:9 ***

Annotations:
D:3 3 runed translucent doors, xianbchi's ghost, amateur OpSh; xianbchi's ghost, weakling TeHu
D:6 1 runed translucent door, Crazy Yiuf
D:9 4 transporters
Lair:2 Gastronok

#.......#..P...
#.#............
#†.#...........
###....†...#...
#............P
#.............
##Y...........
##FY..P.....#.#
#♣##.P..#...##
####........$# ##
##....P..##.#
##P.#.........# .
##...........### ..
#............# #.#
#.........P.## ...#
...#.P........##....
........#.#........


You could see 2 death yaks and a blink frog.


Message History

You hit the death yak but do no damage.
The death yak is poisoned.
The wall freezes the blink frog.
The blink frog seems to slow down.
The wall freezes the death yak!
The wall freezes the death yak but does no damage. x2
The death yak gores you.
* * * LOW HITPOINT WARNING * * *
😨 HP[-5]
You take 5 damage, and now have 37/132 hp.
Unknown command.
You hit the death yak but do no damage.
The death yak looks even sicker.
The wall freezes the death yak but does no damage. x2
The wall freezes the death yak.
The death yak gores you!
* * * LOW HITPOINT WARNING * * *
😱 HP[-8] MP[+1]
You take 8 damage, and now have 29/132 hp.
Unknown command.
As you read the scroll of fear, it crumbles to dust.
You assume a fearsome visage.
The blink frog looks frightened!
The death yak looks frightened!
The death yak resists with almost no effort.
The death yak looks frightened!
The wall freezes the blink frog.
Your attack snaps the blink frog out of its fear.
The blink frog seems to slow down.
The wall freezes the death yak but does no damage.
The wall freezes the death yak. x2
Your attack snaps the death yak out of its fear.
The death yak gores you!
* * * LOW HITPOINT WARNING * * *
😱 HP[-10]
You take 10 damage, and now have 19/132 hp.
You feel much better.
The frozen ramparts melt away.
The death yak gores you.
* * * LOW HITPOINT WARNING * * *
😨 HP[+17] MP[+1]
You regained 17 hp, and now have 36/132 hp.
Casting: Arcjolt (mildly dangerous; 1% risk of failure)
Confirm with . or Enter, or press ? or * to list all spells.
You don't have enough magic to cast this spell.
Okay, then.
You feel yourself speed up. The death yak gores you.
* * * LOW HITPOINT WARNING * * *
😱 HP[-6]
You take 6 damage, and now have 30/132 hp.
Unknown command.
You hit the death yak.
The death yak looks as sick as possible! 😱 MP[+1] Unknown command.
You hit the death yak but do no damage. The death yak gores you!
* * * LOW HITPOINT WARNING * * *
😱 HP[-14]
You take 14 damage, and now have 16/132 hp.
Unknown command.
Casting: Arcjolt (mildly dangerous; 1% risk of failure)
Confirm with . or Enter, or press ? or * to list all spells.
Aiming: Stone Arrow (safe; 1% risk of failure)
Press: ? - help, Shift-Dir - straight line, f/p - death yak
Aim: a death yak (almost dead, extremely poisoned, 92% to hit)
The stone arrow hits the death yak!
You kill the death yak!
Vehumet accepts your kill.
You feel your power returning. 😱 MP[+3]
You regained 3 mp, and now have 7/28 mp.
Unknown command.
You miss the blink frog.
The death yak seems to regain its courage. 😱 MP[+1] Unknown command.
You closely miss the blink frog.
The blink frog hits you but does no damage.
Unknown command.
You barely miss the blink frog.
Unknown command.
You miss the blink frog.
The blink frog hits you but does no damage. 😱 HP[+1] MP[+1] Unknown command.
You closely miss the blink frog.
Unknown command.
You hit the blink frog.
The blink frog is no longer moving slowly.
The blink frog hits you!
* * * LOW HITPOINT WARNING * * *
😱 HP[-7]
You take 7 damage, and now have 10/132 hp.
Unknown command.
Casting: Stone Arrow (safe; 1% risk of failure)
Confirm with . or Enter, or press ? or * to list all spells.
Aiming: Stone Arrow (safe; 1% risk of failure)
Press: ? - help, Shift-Dir - straight line, f - blink frog
Aim: a blink frog (heavily wounded, 61% to hit)
Okay, then.
Casting: Stone Arrow (safe; 1% risk of failure)
Confirm with . or Enter, or press ? or * to list all spells.
Electricity surges outward!
The blink frog is struck by an electric surge!
The death yak is struck by an electric surge!!
The death yak is struck by an electric surge!
The blink frog hits you!
You die...

Skill      XL: |  1  2  3  4  5  6  7  8  9 10 11 12 13 14 |
---------------+-------------------------------------------+-----
Earth Magic    | 4 5 6 8 9 10 | 10.7
Conjurations   | 2 3 4 5 6 7 8 9 10 11 12 | 12.0
Spellcasting   | 3 4 5 6 7 8 9 10 | 10.1
Evocations     | 1 2 3 4 5 6 7 8 |  8.0
Fighting       | 2 4 5 7 8 10 | 10.5
Armour         | 2 4 |  4.0
Translocations | 2 4 |  4.2
Ice Magic      | 2 4 |  4.0
Short Blades   | 3 4 |  4.0
Stealth        | 4 |  4.0
Air Magic      | 2 4 |  4.7
Dodging        | |  1.5

Action                     |  1- 3 |  4- 6 |  7- 9 | 10-12 | 13-15 || total
---------------------------+-------+-------+-------+-------+-------++-------
  Melee: Unarmed           |     3 |       |       |       |       ||     3
         Dagger            |     5 |     5 |    44 |       |       ||    54
         Whip              |       |       |     7 |       |       ||     7
         Short sword       |       |       |     3 |   123 |    83 ||   209
         Trident           |       |       |       |       |    12 ||    12
  Throw: Dart              |       |       |     2 |    12 |     2 ||    16
         Javelin           |       |       |     2 |     2 |     3 ||     7
   Cast: Sandblast         |    48 |    79 |   118 |   132 |    82 ||   459
         Stone Arrow       |       |       |    36 |   154 |    63 ||   253
         Brom's Barrelling |       |       |       |    18 |     8 ||    26
         Blink             |       |       |       |     4 |       ||     4
         Frozen Ramparts   |       |       |       |    13 |    18 ||    31
         Searing Ray       |       |       |       |     3 |       ||     3
         Arcjolt           |       |       |       |    11 |     5 ||    16
         Hailstorm         |       |       |       |     3 |     1 ||     4
         Passwall          |       |       |       |       |     2 ||     2
  Evoke: Wand              |       |       |     2 |    14 |     4 ||    20
    Use: Scroll            |     6 |     2 |     8 |     8 |     2 ||    26
         Potion            |       |     1 |     9 |       |     4 ||    14
   Stab: Sleeping          |       |       |       |     2 |       ||     2
 Armour: Robe              |     7 |    34 |   126 |       |       ||   167
         Skin              |       |       |     4 |       |    24 ||    28
         Steam dragon scal |       |       |    14 |   308 |       ||   322
         Ring mail         |       |       |       |    17 |   144 ||   161
  Dodge: Dodged            |     6 |    24 |    60 |   183 |    70 ||   343

Levels and vault maps discovered:
D:1:      psy_arrival_spokes, layout_basic, serial_shops, shop
D:2:      layout_basic, kennysheep_generic_room_2
D:3:      layout_basic, nicolae_vehumet_radiance, mainiacjoe_overflow_24_doors,
          gammafunk_ghost_cemetery, kennysheep_jessica_study
D:4:      layout_cave_pools, minivault_26, eino_tiny_chamber, uniq_sigmund
D:5:      layout_loops_ring, mainiacjoe_overflow_alcove_1,
          cheibrodos_ashenzari_chains, jmf_multi_god_temple, serial_shops,
          nicolae_shop_behind_doors
D:6:      layout_basic, amcnicky_altar_gilded, nicolae_dithmenos_the_darkroom,
          uniq_prince_ribbit1, uniq_jeremiah, uniq_crazy_yiuf_cottage,
          uniq_pikel
D:7:      layout_basic, dreamdust_divine_triumvirate,
          minmay_temple_entry_proselytizer
D:8:      minmay_skewed_foursquare, layout_rooms, bloody_makhleb,
          mainiacjoe_overflow_brackets, serial_shops,
          nicolae_shop_competitors_out_of_business, doesnt_shop_hydraphobe
D:9:      layout_long_grid, dancing_weapons_uskayaw, lemuel_doored_altar,
          erik_lair_orcish_takeover, nicolae_shop_distant_corner_stores,
          minivault_1, nicolae_diode_intersection, uniq_psyche
Lair:1:   layout_regular_city, grunt_forest_stairs_basic,
          kennysheep_abandoned_house
Lair:2:   layout_regular_city, mainiacjoe_swamp_entry_lozenge_pond,
          hellmonk_spider_entry_life_and_decay, nicolae_volcano_entry_hallway,
          chequers_serial_rivers_micro_c, uniq_gastronok
Lair:3:   layout_big_grid, gauntlet_entry_generic, chequers_serial_rivers_room_b
Lair:4:   layout_regular_city, bobbens_ice_dragon_lair, uniq_josephine
Lair:5:   evilmike_catoblepas_cave, layout_misc_corridors, slime_entry_2,
          kennysheep_snail_temple

Notes
Turn   | Place    | Note
-------+----------+-------------------------------------------
     0 | D:1      | Zonian the Gargoyle Earth Elementalist began the quest for
                  | the Orb.
     0 | D:1      | Reached XP level 1. HP: 10/10 MP: 3/3
     0 | D:1      | magus.rc [v1.9.6]
    57 | D:1      | You pick up a book of Transmutation and begin reading...
   185 | D:1      | Reached XP level 2. HP: 11/15 MP: 1/5
   280 | D:1      | Found Herhe's Book Boutique.
   876 | D:1      | Reached skill level 4 in Earth Magic
  1661 | D:2      | Reached XP level 3. HP: 19/19 MP: 4/6
  1699 | D:2      | Learned a level 3 spell: Stone Arrow
  1713 | D:2      | Reached skill level 2 in Conjurations
  2318 | D:3      | Found a runed translucent gate.
  2318 | D:3      | Found a runed translucent gate.
  2319 | D:3      | Found a runed translucent gate.
  2320 | D:3      | Noticed xianbchi's ghost (weakling TeHu)
  2321 | D:3      | Noticed xianbchi's ghost (amateur OpSh)
  2448 | D:3      | You pick up a book of Cantrips and begin reading...
  2448 | D:3      | You add the spells Sting, Necrotise, Summon Small Mammal
                  | and Apportation to your library.
  2473 | D:3      | Found a radiant altar of Vehumet.
  2643 | D:3      | Became a worshipper of Vehumet
  2660 | D:3      | Reached XP level 4. HP: 14/24 MP: 2/8
  2835 | D:3      | Reached skill level 3 in Spellcasting
  2981 | D:3      | Reached skill level 1 in Evocations
  2981 | D:3      | Reached XP level 5. HP: 28/28 MP: 6/9
  3032 | D:3      | Noticed Jessica
  3043 | D:3      | Killed Jessica
  3044 | D:3      | Reached skill level 3 in Conjurations
  3409 | D:3      | Reached skill level 5 in Earth Magic
  3694 | D:3      | Found an ancient bone altar of Kikubaaqudgha.
  3731 | D:3      | Reached XP level 6. HP: 21/32 MP: 5/11
  3969 | D:3      | Reached * piety under Vehumet
  3969 | D:3      | Offered knowledge of Kiss of Death by Vehumet.
  4079 | D:4      | Noticed a yak
  4081 | D:4      | Noticed a yak
  4082 | D:4      | Noticed a yak
  4233 | D:4      | You add the spells Tukima's Dance, Passage of Golubria and
                  | Yara's Violent Unravelling to your library.
  4242 | D:4      | You pick up a book of Cantrips and begin reading...
  4243 | D:4      | Noticed Sigmund
  4663 | D:4      | Reached skill level 2 in Evocations
  4810 | D:4      | Noticed an ice beast
  4825 | D:3      | Killed an ice beast
  4826 | D:3      | Reached skill level 4 in Conjurations
  4980 | D:4      | Reached XP level 7. HP: 36/36 MP: 7/12
  5309 | D:4      | Reached skill level 4 in Spellcasting
  5490 | D:5      | Entered Level 5 of the Dungeon
  5517 | D:5      | Reached skill level 6 in Earth Magic
  6114 | D:5      | Reached skill level 3 in Evocations
  6140 | D:5      | Found a bloodstained altar of Trog.
  6142 | D:5      | Found an iron altar of Okawaru.
  6441 | D:5      | Found Lozotuv's Armour Emporium.
  6444 | D:5      | Bought an orb of energy for 160 gold pieces
  6734 | D:5      | Found a broken altar of Ashenzari.
  7273 | D:4      | Killed Sigmund
  7274 | D:4      | Reached skill level 5 in Conjurations
  7274 | D:4      | Reached XP level 8. HP: 31/41 MP: 7/14
  7424 | D:5      | HP: 7/41 [orc priest/divine providence (11)]
  7628 | D:5      | Found a shimmering altar of Xom.
  7712 | D:6      | Noticed Pikel
  7801 | D:6      | Found a shimmering blue altar of Sif Muna.
  7869 | D:6      | Identified the +4 kite shield "Faduegha" {rElec rF+ rC+}
  8100 | D:6      | Noticed Prince Ribbit
  8100 | D:6      | Found a shadowy altar of Dithmenos.
  8107 | D:6      | Killed Prince Ribbit
  8108 | D:6      | Reached skill level 5 in Spellcasting
  8108 | D:6      | Reached skill level 7 in Earth Magic
  8108 | D:6      | Reached skill level 4 in Evocations
  8239 | D:6      | Noticed Jeremiah
  8419 | D:6      | HP: 5/41 [something/puff of flame (10)]
  8435 | D:6      | Offered knowledge of Shock by Vehumet.
  8647 | D:5      | Learned a level 4 spell: Brom's Barrelling Boulder
  8690 | D:6      | Killed Pikel
  8691 | D:6      | Reached skill level 2 in Fighting
  8691 | D:6      | Reached skill level 6 in Conjurations
  8691 | D:6      | Reached skill level 8 in Earth Magic
  8691 | D:6      | Reached XP level 9. HP: 43/48 MP: 4/17
  9084 | D:6      | Reached skill level 5 in Evocations
  9373 | D:6      | Found a runed translucent door.
  9374 | D:6      | Noticed Crazy Yiuf
  9515 | D:6      | HP: 6/49 [Jeremiah/divine providence (11)]
  9553 | D:6      | Killed Jeremiah
  9554 | D:6      | Reached skill level 3 in Fighting
  9995 | D:7      | Reached ** piety under Vehumet
 10378 | D:7      | Reached skill level 7 in Conjurations
 10702 | D:7      | Found a glowing golden altar of the Shining One.
 10971 | D:7      | Found a staircase to the Ecumenical Temple.
 11035 | D:7      | You are sucked into a shaft and drop 1 floor!
 11048 | D:8      | Noticed a hornet
 11052 | D:8      | Killed a hornet
 11054 | D:8      | Reached skill level 6 in Spellcasting
 11185 | D:7      | Found a white marble altar of Elyvilon.
 11185 | D:7      | Found a glowing silver altar of Zin.
 11189 | D:7      | Reached skill level 4 in Fighting
 11529 | D:8      | Reached XP level 10. HP: 56/56 MP: 15/19
 11540 | D:8      | Found a stormy altar of Qazlal.
 11551 | D:8      | Reached skill level 1 in Armour
 11595 | D:8      | Found a burning altar of Makhleb.
 11609 | D:8      | Reached skill level 9 in Earth Magic
 11632 | D:8      | Noticed a six-headed hydra
 11633 | D:8      | Found Vadumucw's Hydra Hut.
 11781 | D:4      | Reached skill level 2 in Armour
 12226 | D:1      | Bought a book of Spatial Translocations for 198 gold pieces
 12226 | D:1      | You pick up a book of Spatial Translocations and begin
                  | reading...
 12226 | D:1      | You add the spells Blink, Momentum Strike and Lesser
                  | Beckoning to your library.
 12229 | D:1      | Learned a level 2 spell: Blink
 12520 | D:8      | You pick up a book of Transmutation and begin reading...
 12683 | D:8      | Found Jeycsak's General Store.
 12769 | D:8      | Reached skill level 6 in Evocations
 13052 | D:9      | Found Igomy's Assorted Antiques.
 13052 | D:9      | Found Tamulush's Assorted Antiques.
 13052 | D:9      | Found Zugu's Assorted Antiques.
 13054 | D:9      | Bought a forked ivory wand for 104 gold pieces
 13119 | D:9      | Noticed a +0 dagger
 13119 | D:9      | Noticed a +0 dagger
 13119 | D:9      | Found a hide-covered altar of Uskayaw.
 13133 | D:9      | Reached skill level 1 in Translocations
 13160 | D:9      | Reached skill level 5 in Fighting
 13220 | D:9      | Found a hazy altar of Hepliaklqana.
 13269 | D:9      | Offered knowledge of Searing Ray by Vehumet.
 13272 | D:9      | Reached skill level 8 in Conjurations
 13466 | D:9      | Identified the +0 ring mail of Makhleb's Envy {rC++ Regen+}
 13488 | D:9      | Bought a scroll of fear for 100 gold pieces
 13704 | D:9      | Noticed Psyche
 13710 | D:9      | Killed Psyche
 13802 | D:9      | Found a transporter.
 13807 | D:9      | Found a transporter.
 13810 | D:9      | Found a transporter.
 13810 | D:9      | Found a transporter.
 13890 | D:9      | Reached skill level 2 in Translocations
 13890 | D:9      | Reached *** piety under Vehumet
 14335 | D:9      | Found a staircase to the Lair.
 14792 | Lair:1   | Entered Level 1 of the Lair of Beasts
 14802 | Lair:1   | Reached XP level 11. HP: 40/64 MP: 16/21
 14851 | Lair:1   | Reached skill level 6 in Fighting
 14851 | Lair:1   | Reached skill level 7 in Spellcasting
 14873 | Lair:1   | Learned a level 2 spell: Searing Ray
 14877 | Lair:1   | Learned a level 3 spell: Passwall
 14926 | Lair:1   | Offered knowledge of Hailstorm by Vehumet.
 14927 | Lair:1   | Reached skill level 10 in Earth Magic
 14966 | Lair:1   | Reached skill level 3 in Translocations
 15189 | Lair:1   | Learned a level 3 spell: Hailstorm
 16143 | Lair:1   | Noticed a boulder beetle
 16188 | Lair:1   | Reached skill level 1 in Ice Magic
 16437 | Lair:1   | Killed a boulder beetle
 16438 | Lair:1   | Reached skill level 7 in Evocations
 16562 | Lair:1   | Reached skill level 9 in Conjurations
 16660 | Lair:1   | Reached skill level 2 in Ice Magic
 16687 | Lair:1   | magus.rc [v1.9.6]
 17019 | Lair:1   | Reached **** piety under Vehumet
 17131 | Lair:1   | Reached skill level 7 in Fighting
 17131 | Lair:1   | Reached skill level 4 in Translocations
 17362 | Lair:1   | Offered knowledge of Frozen Ramparts by Vehumet.
 17367 | Lair:1   | Learned a level 3 spell: Frozen Ramparts
 17633 | Lair:1   | You pick up a book of the Hunter and begin reading...
 17633 | Lair:1   | You add the spells Sigil of Binding, Call Canine Familiar
                  | and Dimensional Bullseye to your library.
 17890 | Lair:2   | You add the spells Scorch, Ignite Poison, Arcjolt and
                  | Freezing Cloud to your library.
 17890 | Lair:2   | Got Cagydov's Excursus on the Squall and Embers
 17899 | Lair:2   | You pick up a book of Scorching and begin reading...
 17899 | Lair:2   | You add the spells Flame Wave and Summon Cactus Giant to
                  | your library.
 17903 | Lair:2   | Noticed a skyshark
 17910 | Lair:2   | Killed a skyshark
 17911 | Lair:2   | Reached XP level 12. HP: 41/72 MP: 10/23
 18094 | Lair:2   | Noticed a skyshark
 18145 | Lair:2   | Reached skill level 3 in Ice Magic
 18275 | Lair:2   | Reached skill level 1 in Short Blades
 18464 | Lair:2   | Noticed a five-headed hydra
 18481 | Lair:2   | Killed a five-headed hydra
 18482 | Lair:2   | Reached skill level 3 in Stealth
 18525 | Lair:2   | Found a dark tunnel.
 18535 | Volcano  | Entered a volcano
 18538 | Volcano  | Noticed a two-headed ogre
 18546 | Volcano  | Killed a two-headed ogre
 18547 | Volcano  | Reached skill level 8 in Spellcasting
 18749 | Volcano  | Reached skill level 2 in Short Blades
 19353 | Volcano  | Reached skill level 4 in Stealth
 19353 | Volcano  | Reached skill level 4 in Ice Magic
 19430 | Lair:2   | Reached skill level 10 in Conjurations
 19719 | Lair:2   | Reached skill level 8 in Fighting
 19783 | Lair:2   | Learned a level 5 spell: Arcjolt
 19833 | Lair:2   | Reached skill level 8 in Evocations
 19853 | Lair:2   | Noticed Gastronok
 19853 | Lair:2   | Gastronok the Ponderous comes into view. He is wearing the
                  | +3 hat of Pondering {ponderous, Will+ MP+10 Int+5}.
 19982 | Lair:2   | Found a hole to the Spider Nest.
 20017 | Lair:2   | Reached skill level 3 in Short Blades
 20052 | Lair:2   | Killed a skyshark
 20053 | Lair:2   | Reached skill level 1 in Air Magic
 20833 | Lair:2   | Found a staircase to the Swamp.
 20833 | Lair:2   | Noticed an alligator
 21059 | Lair:3   | Found a gate leading to a gauntlet.
 21139 | Gauntlet | Entered a Gauntlet
 21139 | Gauntlet | Found a transporter.
 21139 | Gauntlet | Found a transporter.
 21143 | Gauntlet | Found a transporter.
 21143 | Gauntlet | Found a transporter.
 21151 | Gauntlet | Found a transporter.
 21151 | Gauntlet | Noticed a ghost crab
 21173 | Gauntlet | Found a transporter.
 21296 | Gauntlet | Found a transporter.
 21298 | Gauntlet | Noticed a hell beast
 21336 | Gauntlet | Found a transporter.
 21343 | Gauntlet | Killed a hell beast
 21451 | Gauntlet | Found a transporter.
 21453 | Gauntlet | Found the ring of Shadows {Umbra +Inv Stlth+}
 21465 | Gauntlet | Found a transporter.
 21473 | Gauntlet | Found a transporter.
 21480 | Gauntlet | Reached skill level 2 in Air Magic
 21480 | Gauntlet | Reached XP level 13. HP: 76/79 MP: 10/25
 21587 | Gauntlet | Found a transporter.
 21589 | Gauntlet | Identified the ring "Wiep" {Ice rElec rPois Str+5}
 21613 | Gauntlet | Noticed a minotaur
 21620 | Gauntlet | Killed a minotaur
 21648 | Gauntlet | You add the spells Plasma Beam and Permafrost Eruption to
                  | your library.
 21648 | Gauntlet | Got Zusk's Acroamatic Understanding, Part Six
 21913 | Lair:3   | Reached skill level 4 in Short Blades
 21946 | Lair:3   | Reached ***** piety under Vehumet
 21947 | Lair:3   | Reached skill level 3 in Armour
 21956 | Lair:3   | Offered knowledge of Iskenderun's Mystic Blast by Vehumet.
 21963 | Lair:3   | Reached skill level 9 in Fighting
 21963 | Lair:3   | Reached skill level 9 in Spellcasting
 21982 | Lair:3   | Reached skill level 3 in Air Magic
 21989 | Lair:3   | Reached skill level 4 in Armour
 21992 | Lair:3   | Reached skill level 11 in Conjurations
 22588 | Lair:3   | magus.rc [v1.9.6]
 23060 | Lair:4   | Noticed an ice dragon
 23200 | Lair:4   | Noticed Josephine
 23221 | Lair:4   | Killed Josephine
 23365 | Lair:4   | Reached skill level 4 in Air Magic
 23653 | Lair:4   | Killed an ice dragon
 23654 | Lair:4   | Reached skill level 10 in Fighting
 24286 | Lair:4   | Learned a level 4 spell: Iskenderun's Mystic Blast
 24306 | Lair:5   | Entered Level 5 of the Lair of Beasts
 24672 | Lair:5   | Found a snail-covered altar of Cheibriados.
 24911 | Lair:5   | Gained mutation: Your large and strong wings let you fly.
                  | [Gargoyle growth]
 24911 | Lair:5   | Reached XP level 14. HP: 64/88 MP: 24/27
 24913 | Lair:5   | Reached skill level 10 in Spellcasting
 24942 | Lair:5   | Reached skill level 12 in Conjurations
 24946 | Lair:5   | HP: 29/132 [death yak (8)]
 24951 | Lair:5   | HP: 16/132 [death yak (15)]
 24958 | Lair:5   | HP: 10/132 [blink frog (7)]
 24959 | Lair:5   | Slain by a blink frog

Vanquished Creatures
  A minotaur (Gauntlet)
  Josephine (Lair:4)
  3 hydras
  A hell beast (Gauntlet)
  An ice dragon (Lair:4)
  A two-headed ogre (Volcano)
  A boulder beetle (Lair:1)
  3 death yaks (Lair:5)
  2 skysharks (Lair:2)
  Pikel (D:6)
  2 lindwurms
  2 salamanders (Volcano)
  3 black mambas
  2 torpor snails (Lair:5)
  15 cane toads
  11 komodo dragons
  Jeremiah (D:6)
  3 rime drakes
  Psyche (D:9)
  4 polar bears
  A hornet (D:8)
  11 blink frogs
  Prince Ribbit (D:6)
  6 dream sheep (Lair:3)
  5 wraiths
  A shadow (D:9)
  A vampire (D:9)
  Sigmund (D:4)
  6 wyverns
  40 yaks
  3 culicivoras (Lair:2)
  2 steam dragons
  2 basilisks
  A warg (D:9)
  A hell hound (Gauntlet)
  4 water moccasins
  An ice beast (D:3)
  2 orc warriors
  2 black bears
  4 laughing skulls (Gauntlet)
  2 ogres (Volcano)
  20 wolves
  A centaur (D:8)
  A phantom (D:5)
  A lemure (D:5)
  3 kobold brigands
  A weeping skull (Gauntlet)
  A gnoll sergeant (D:6)
  8 bullfrogs
  A scorpion (D:6)
  18 wights
  10 killer bees (D:9)
  3 howler monkeys
  10 orc priests
  3 bombardier beetles
  3 jellies
  3 hounds
  Jessica (D:3)
  2 iguanas (D:5)
  A sleepcap (D:8)
  4 hell rats (Lair:4)
  10 orc wizards
  5 gnolls (D:6)
  4 adders
  8 river rats (Lair:1)
  A shadow imp (D:7)
  7 white imps
  4 dart slugs
  A ribbon worm (D:3)
  33 orcs
  5 bats
  6 endoplasms
  8 goblins
  5 hobgoblins
  16 kobolds
  3 quokkas
  6 ball pythons
  5 frilled lizards
  8 rats
386 creatures vanquished.

Vanquished Creatures (collateral kills)
  An orc (D:9)
1 creature vanquished.

Grand Total: 387 creatures vanquished

Table legend:
 A = Non-vault XP
 B = Vault XP
 C = Vault XP percentage of total XP
 D = Non-vault monster count
 E = Vault monster count
 F = Vault count percentage of total count
                 A         B        C        D         E       F
            +---------+---------+-------+---------+---------+-------
      Total |   42905 |   14572 |  25.4 |     316 |      70 |  18.1
            +---------+---------+-------+---------+---------+-------
        D:1 |      26 |       0 |   0.0 |      14 |       0 |   0.0
        D:2 |      24 |       4 |  14.3 |      14 |       2 |  12.5
        D:3 |     420 |      39 |   8.5 |      36 |       2 |   5.3
        D:4 |     903 |     214 |  19.2 |      22 |       1 |   4.3
        D:5 |     472 |      46 |   8.9 |      18 |       2 |  10.0
        D:6 |     634 |    1308 |  67.4 |      18 |       3 |  14.3
        D:7 |     775 |      43 |   5.3 |      13 |       1 |   7.1
        D:8 |    1163 |     220 |  15.9 |      15 |       4 |  21.1
        D:9 |    1968 |     885 |  31.0 |      31 |       9 |  22.5
     Lair:1 |    7546 |     932 |  11.0 |      36 |      11 |  23.4
     Lair:2 |    7006 |     652 |   8.5 |      22 |       3 |  12.0
     Lair:3 |    9313 |       0 |   0.0 |      32 |       0 |   0.0
     Lair:4 |    5883 |    2611 |  30.7 |      29 |       9 |  23.7
     Lair:5 |    6772 |     841 |  11.0 |      16 |       2 |  11.1
    Volcano |       0 |    4185 | 100.0 |       0 |      13 | 100.0
   Gauntlet |       0 |    2592 | 100.0 |       0 |       8 | 100.0
            +---------+---------+-------+---------+---------+-------

Skill      XL: |  1  2  3  4  5  6  7  8  9 10 11 12 13 14 |
---------------+-------------------------------------------+-----
Earth Magic    | 4 5 6 8 9 10 | 10.7
Conjurations   | 2 3 4 5 6 7 8 9 10 11 12 | 12.0
Spellcasting   | 3 4 5 6 7 8 9 10 | 10.1
Evocations     | 1 2 3 4 5 6 7 8 |  8.0
Fighting       | 2 4 5 7 8 10 | 10.5
Armour         | 2 4 |  4.0
Translocations | 2 4 |  4.2
Ice Magic      | 2 4 |  4.0
Short Blades   | 3 4 |  4.0
Stealth        | 4 |  4.0
Air Magic      | 2 4 |  4.7
Dodging        | |  1.5

Action                     |  1- 3 |  4- 6 |  7- 9 | 10-12 | 13-15 || total
---------------------------+-------+-------+-------+-------+-------++-------
  Melee: Unarmed           |     3 |       |       |       |       ||     3
         Dagger            |     5 |     5 |    44 |       |       ||    54
         Whip              |       |       |     7 |       |       ||     7
         Short sword       |       |       |     3 |   123 |    83 ||   209
         Trident           |       |       |       |       |    12 ||    12
  Throw: Dart              |       |       |     2 |    12 |     2 ||    16
         Javelin           |       |       |     2 |     2 |     3 ||     7
   Cast: Sandblast         |    48 |    79 |   118 |   132 |    82 ||   459
         Stone Arrow       |       |       |    36 |   154 |    63 ||   253
         Brom's Barrelling |       |       |       |    18 |     8 ||    26
         Blink             |       |       |       |     4 |       ||     4
         Frozen Ramparts   |       |       |       |    13 |    18 ||    31
         Searing Ray       |       |       |       |     3 |       ||     3
         Arcjolt           |       |       |       |    11 |     5 ||    16
         Hailstorm         |       |       |       |     3 |     1 ||     4
         Passwall          |       |       |       |       |     2 ||     2
  Evoke: Wand              |       |       |     2 |    14 |     4 ||    20
    Use: Scroll            |     6 |     2 |     8 |     8 |     2 ||    26
         Potion            |       |     1 |     9 |       |     4 ||    14
   Stab: Sleeping          |       |       |       |     2 |       ||     2
 Armour: Robe              |     7 |    34 |   126 |       |       ||   167
         Skin              |       |       |     4 |       |    24 ||    28
         Steam dragon scal |       |       |    14 |   308 |       ||   322
         Ring mail         |       |       |       |    17 |   144 ||   161
  Dodge: Dodged            |     6 |    24 |    60 |   183 |    70 ||   343

Illustrated notes

Table legend:
 A = Kills in this place as a percentage of kills in the entire game.
 B = Kills by you in this place as a percentage of kills by you in the entire game.
 C = Kills by friends in this place as a percentage of kills by friends in the entire game.
 D = Other kills in this place as a percentage of other kills in the entire game.
 E = Experience gained in this place as a percentage of experience gained in the entire game.
 F = Experience gained in this place divided by the number of levels of this place that you have seen.
                   A       B       C       D       E      F
               +-------+-------+-------+-------+-------+----------------------
         Total | 100.0 | 100.0 | 100.0 |   N/A | 100.0 | 3592.3
       Dungeon |  53.1 |  53.0 | 100.0 |   N/A |  15.9 | 1016.0
          Lair |  41.5 |  41.6 |   0.0 |   N/A |  72.3 | 8311.2
       Volcano |   3.4 |   3.4 |   0.0 |   N/A |   7.3 | 4185.0
      Gauntlet |   2.1 |   2.1 |   0.0 |   N/A |   4.5 | 2592.0
               +-------+-------+-------+-------+-------+----------------------

Table legend: (Time is in decaauts)
 A = Elapsed time spent in this place.
 B = Non-inter-level travel time spent in this place.
 C = Inter-level travel time spent in this place.
 D = Time resting spent in this place.
 E = Time spent auto-exploring this place.
 F = Levels seen in this place.
 G = Mean time per level.
                   A        B        C        D        E       F      G
               +--------+--------+--------+--------+--------+-----+--------+
         Total |  25224 |  24010 |   1214 |  10622 |   7854 |  16 | 1576.5 |
       Dungeon |  14985 |  13891 |   1094 |   5582 |   5645 |   9 | 1665.0 |
          Lair |   8827 |   8707 |    120 |   4139 |   2209 |   5 | 1765.4 |
       Volcano |    865 |    865 |      0 |    646 |      0 |   1 |  865.0 |
      Gauntlet |    546 |    546 |      0 |    255 |      0 |   1 |  546.0 |
               +--------+--------+--------+--------+--------+-----+--------+

Top non-repeatable levels by time:
  Lair:1: 3094 daAuts
     D:3: 2782 daAuts
     D:6: 2334 daAuts
  Lair:2: 2274 daAuts
     D:5: 1916 daAuts
  Lair:4: 1728 daAuts
     D:9: 1715 daAuts
     D:4: 1599 daAuts
     D:1: 1413 daAuts
     D:7: 1333 daAuts
  Lair:3: 1052 daAuts
     D:2: 1006 daAuts
     D:8: 883 daAuts
 Volcano: 865 daAuts
  Lair:5: 677 daAuts
